 Dungeon Crawl Stone Soup version 0.21.0-3-g78d12a8 (webtiles) character file.

46 theanonym the Grave Robber (level 3, 0/27 HPs)
             Began as a Demigod Necromancer on Jan 14, 2018.
             Succumbed to Robin's poison
             ... on level 1 of the Dungeon.
             The game lasted 00:05:06 (2069 turns).

theanonym the Grave Robber (Demigod Necromancer)    Turns: 2069, Time: 00:05:07

Health: 0/27       AC:  5    Str: 13    XL:     3   Next: 27%
Magic:  5/8        EV: 12    Int: 19    God:
Gold:   122        SH:  0    Dex: 16    Spells: 4/5 levels left

rFire    + . .     SeeInvis .   a - +1 hand axe
rCold    + . .     Gourm    .   (no shield)
rNeg     . . .     Faith    .   n - +0 leather armour {4}
rPois    +         Spirit   .   p - +1 helmet
rElec    +         Reflect  .   (no cloak)
rCorr    +         Harm     .   (no gloves)
MR       .....                  (no boots)
Stlth    ++........             (no amulet)
HPRegen  0.09/turn              (no ring)
MPRegen  0.11/turn              (no ring)

@: lethally poisoned (0 -> -3), resistant, berserk cooldown, flying (expiring),
very slightly contaminated, slowed, very slow
A: high mp 1
a: no special abilities


Innate Abilities, Weirdness & Mutations

You have an increased reservoir of magic. (+10% MP)


   Skills:
 - Level 0.3 Fighting
 * Level 0.6 Axes
 + Level 0.4 Armour
 - Level 1.7 Dodging
 - Level 1.7 Stealth
 - Level 1.7 Spellcasting
 + Level 4.5 Necromancy


You had 4 spell levels left.
You knew the following spells:

 Your Spells              Type           Power        Failure   Level  Hunger
a - Pain                  Necr           ###.         3%          1    #......

Skill      XL: |  1 |
---------------+----+-----
Necromancy     | 4 |  4.5
Fighting       | |  0.3
Axes           | |  0.6
Armour         | |  0.4
Dodging        | |  1.7
Stealth        | |  1.7
Spellcasting   | |  1.7

Action                   || total
-------------------------++-------
Melee: Dagger            ||    20
 Cast: Pain              ||    66
  Use: Scroll            ||     8
       Potion            ||     3
  Eat: Ration            ||     1
Armor: Leather armour    ||     4
       Robe              ||     1
Dodge: Dodged            ||    16

Inventory:

Hand Weapons
 a - a +1 hand axe (weapon)
   (You found it on level 2 of the Dungeon)
Armour
 n - a +0 leather armour (worn) {4}
   (You found it on level 1 of the Dungeon)
 p - a +1 helmet (worn)
   (You found it on level 1 of the Dungeon)
Scrolls
 g - a scroll of enchant weapon
 m - a scroll of remove curse
 t - 2 scrolls of teleportation {!r}
Potions
 c - 2 potions of agility
 i - a potion of magic
Books
 b - a book of Necromancy
Comestibles
 e - 5 rations


You were on level 1 of the Dungeon.
You were very hungry.

You visited 1 branch of the dungeon, and saw 2 of its levels.

You collected 122 gold pieces.

Dungeon Overview and Level Annotations

Branches:
Dungeon (2/15)

#....###........# #
#.....รท###.....## #
##.......###...# #
#.....###.....######
#...###....#..#.....
#.###............###
#........#.......# #
###.#######.......# #
#...@...##........###
#.......##........#..
#.......#.........#.#
#.......#.#.......#.#
#.......#.####.###...
####.###..# #.......
#.###.## #.###.##
#..#..# #.....##
##...##


#.PPPPPP There were no monsters in sight!

Notes
Turn   | Place    | Note
-------+----------+-------------------------------------------
     0 | D:1      | theanonym the Demigod Necromancer began the quest for the Orb.
     0 | D:1      | Reached XP level 1. HP: 14/14 MP: 5/5
   183 | D:1      | Reached skill level 4 in Necromancy
   183 | D:1      | Reached XP level 2. HP: 17/22 MP: 0/7
   335 | D:1      | HP: 10/22 [goblin (2)]
   646 | D:1      | HP: 9/22 [goblin (3)]
   651 | D:1      | HP: 5/22 [goblin (4)]
  1636 | D:2      | HP: 9/22 [worm (5)]
  1953 | D:2      | Noticed Robin
  1967 | D:2      | Reached XP level 3. HP: 24/27 MP: 4/8
  2049 | D:1      | Killed Robin
  2050 | D:1      | HP: 12/27 [poisoned by Robin]
  2055 | D:1      | HP: 12/40 [poisoned by Robin]
  2060 | D:1      | HP: 5/27 [poisoned by Robin]
  2064 | D:1      | HP: 2/27 [poisoned by Robin]
  2069 | D:1      | Succumbed to Robin's poison

Vanquished Creatures
  Robin (D:1)
  An ooze (D:1)
  2 ball pythons (D:1)
  3 bats
  11 goblins
  5 hobgoblins
  2 frilled lizards
  A kobold (D:1)
  4 rats
30 creatures vanquished.

Table legend:
 A = Turns spent in this place as a percentage of turns spent in the entire game.
 B = Non-inter-level travel turns spent in this place as a percentage of non-inter-level travel turns spent in the entire game.
 C = Inter-level travel turns spent in this place as a percentage of turns spent in this place.
 D = Turns resting spent in this place as a percentage of non-inter-level travel turns spent in this place.
 E = Turns spent auto-exploring this place as a percentage of non-inter-level travel turns spent in this place.
 F = Non-inter-level travel turns spent in this place divided by the number of levels of this place that you've seen.
                   A       B       C       D       E      F
               +-------+-------+-------+-------+-------+----------------------
         Total | 100.0 | 100.0 |   2.0 |  38.5 |  46.6 | 1013.5
       Dungeon | 100.0 | 100.0 |   2.0 |  38.5 |  46.6 | 1013.5
               +-------+-------+-------+-------+-------+----------------------
